 Dungeon Crawl Stone Soup version 0.30-a0-458-g86641cc369 (webtiles) character file.

Game seed: 14437069439230247485

6618 dixiedixie the Earth Mage (level 10, -12/69 HPs)
             Began as a Demigod Earth Elementalist on Dec 14, 2022.
             Shot with an arrow by a centaur warrior (24 damage)
             ... on level 9 of the Dungeon.
             The game lasted 00:33:14 (10395 turns).

dixiedixie the Earth Mage (DgEE)                   Turns: 10395, Time: 00:33:14

Health: -12/69     AC:  7    Str:  9    XL:     10   Next: 44%
Magic:  8/15       EV: 16    Int: 29    God:
Gold:   391        SH:  5    Dex: 14    Spells: 0/12 levels left

rFire   . . .      SeeInvis .    j - +2 short sword (vamp)
rCold   + . .      Faith    .    (no shield)
rNeg    . . .      Spirit   .    I - +2 robe {Will+}
rPois   .          Reflect  +    (no helmet)
rElec   .          Harm     .    E - +0 cloak
rCorr   .          Rampage  .    (no gloves)
Will    ++...                    e - +1 pair of boots
Stlth   ++........               S - amulet of reflection
HPRegen 0.31/turn                o - ring of protection from cold
MPRegen 0.14/turn                F - +4 ring of evasion

@: studying Long Blades
A: high MP 1, forlorn, divine attributes
a: no special abilities


You were on level 9 of the Dungeon.
You visited 1 branch of the dungeon, and saw 10 of its levels.
You also visited: Ossuary.

You collected 430 gold pieces.
You spent 39 gold pieces at shops.

Inventory:

Hand Weapons
 a - a +2 trident of flaming
 i - a +0 falchion of holy wrath
 j - a +2 vampiric short sword (weapon)
 n - a +3 dagger of electrocution
 u - a +2 short sword of draining
 y - a +2 quarterstaff of chaos
 L - a +0 hand crossbow
 R - a +2 dagger of freezing
Missiles
 c - 3 javelins
 t - 37 stones
 J - 12 poisoned darts
 N - 2 throwing nets
Armour
 e - a +1 pair of boots (worn)
 f - a +0 ring mail
 l - a +0 helmet
 q - a +0 plate armour
 r - a +0 leather armour of cold resistance
 E - a +0 cloak (worn)
 H - a +1 robe of positive energy
 I - a +2 robe of willpower (worn)
 Q - a +0 pair of gloves
Magical Staves
 M - a staff of fire
Jewellery
 o - a ring of protection from cold (left hand)
 F - a +4 ring of evasion (right hand)
 S - an amulet of reflection (around neck)
Wands
 w - a wand of digging (13)
 O - a wand of mindburst (7)
Scrolls
 d - 2 scrolls of enchant armour
 g - a scroll of amnesia
 k - 4 scrolls of identify
 s - a scroll of torment
 v - 3 scrolls of fear
 K - a scroll of vulnerability
 P - a scroll of poison
 T - a scroll of blinking
 W - a scroll of teleportation
Potions
 b - 2 potions of magic
 h - 5 potions of might
 m - 5 potions of lignification
 p - 4 potions of attraction
 x - 4 potions of curing
 z - 5 potions of haste
 A - 2 potions of cancellation {unknown}
 B - 2 potions of brilliance {unknown}
 C - 2 potions of heal wounds
 D - 4 potions of flight
 G - 2 potions of invisibility {unknown}
 U - a potion of resistance {unknown}
 V - a potion of degeneration {unknown}


   Skills:
 - Level 1.7 Dodging
 - Level 1.7 Stealth
 - Level 1.7 Spellcasting
 - Level 0.8 Transmutations
 + Level 15.0 Earth Magic


You couldn't memorise any spells.
You knew the following spells:

 Your Spells              Type           Power      Damage    Failure   Level
a - Sandblast             Erth           100%       2d20      1%          1
b - Passwall              Tmut/Erth      40%        N/A       1%          2
c - Stone Arrow           Conj/Erth      92%        3d12      1%          3
d - Petrify               Tmut/Erth      48%        N/A       3%          4
e - Blink                 Tloc           4%         N/A       13%         2

Your spell library contained the following spells:

 Spells                   Type           Power      Damage    Failure   Level
 Necrotise                Necr           8%         1d4       9%          1
 Wereblood                Tmut           7%         N/A       10%         2
 Momentum Strike          Conj/Tloc      4%         3d8       13%         2
 Sublimation of Blood     Necr           2%         N/A       13%         2
 Frozen Ramparts          Ice            4%         1d1       26%         3
 Gell's Gravitas          Tloc           2%         N/A       26%         3
 Lesser Beckoning         Tloc           4%         N/A       26%         3
 Teleport Other           Tloc           2%         N/A       26%         3
 Vampiric Draining        Necr           2%         2d6       26%         3
 Ice Form                 Ice/Tmut       5%         N/A       58%         4
 Summon Ice Beast         Ice/Summ       2%         N/A       65%         4
 Agony                    Necr           2%         N/A       94%         5
 Summon Hydra             Summ           1%         N/A       100%        7


Dungeon Overview and Level Annotations

Branches:
Dungeon (10/15)            Temple (0/1) D:4            Lair (0/5) D:8
Ossuary (visited)
    Orc: D:9-12

Shops:
D:7 !

Annotations:
D:3 exclusion: downstairs
D:4 Edmund


Innate Abilities, Weirdness & Mutations

You have an increased reservoir of magic. (+10% MP)
You shall have no god before yourself.
Your divine heritage dramatically boosts your attributes as you level up.


Message History

T - a scroll of blinking
W - a scroll of teleportation You now have 391 gold pieces (gained 14).
Things that are here:
a +0 plate armour; a +0 mace The centaur warrior shoots an arrow.
You reflect the arrow off an invisible shield around you!
The arrow hits the centaur warrior!
The centaur warrior shoots an arrow.
The arrow hits you!
Casting: Sandblast (safe; 1% risk of failure)
Confirm with . or Enter, or press ? or * to list all spells.
Aiming: Petrify (dangerous; 3% risk of failure)
Press: ? - help, Shift-Dir - straight line, f - centaur warrior
Aim: a centaur warrior, wielding a +0 shortbow (moderately wounded, chance to affect: 53%)
The centaur warrior resists with significant effort.
The centaur warrior shoots an arrow.
The arrow hits you!
Casting: Petrify (dangerous; 3% risk of failure)
Confirm with . or Enter, or press ? or * to list all spells.
Aiming: Petrify (dangerous; 3% risk of failure)
Press: ? - help, Shift-Dir - straight line, f/p - centaur warrior
Aim: a centaur warrior, wielding a +0 shortbow (moderately wounded, chance to affect: 53%)
The centaur warrior resists with significant effort.
The centaur warrior shoots an arrow.
The arrow hits you!
The centaur warrior shoots an arrow.
The arrow hits you!
* * * LOW HITPOINT WARNING * * *
The centaur warrior shoots an arrow.
The arrow hits you!
* * * LOW HITPOINT WARNING * * *
You feel much better.
The centaur warrior shoots an arrow.
The arrow hits you!!
* * * LOW HITPOINT WARNING * * *
The centaur warrior shoots an arrow.
The arrow closely misses you.
You feel much better.
The centaur warrior shoots an arrow.
The arrow hits you.
The centaur warrior shoots an arrow.
The arrow barely misses you.
Things that are here:
a +0 robe; a +0 dagger The centaur warrior shoots an arrow.
The arrow hits you!!
* * * LOW HITPOINT WARNING * * *
There is a stone staircase leading up, spattered with blood here.
The centaur warrior shoots an arrow.
The arrow hits you!!
You die...

#..# #..........)..# #
#..# #.............# #
#..# #.............# #
#..# #.............# #
#..# #.............# #
#..# #.............###
#..# #................
#..####................
####.....@............####
.........).............# #
.........)[............# #
...........[.[..).......#
#
######..................#
# #..................# #
#......c...........# #
#..................# #
#..................# #


You could see a centaur warrior.

Vanquished Creatures
  Pikel (D:4)
  A hornet (D:8)
  Sigmund (D:4)
  A wyvern (D:7)
  A wraith (D:7)
  A steam dragon (D:7)
  14 yaks
  An acid dragon (D:5)
  2 orc warriors
  2 sky beasts
  An ice beast (D:6)
  A centaur (D:6)
  An ogre (D:4)
  2 lemures (D:3)
  6 elf zombies
  A kobold brigand (D:7)
  Blork the orc (D:4)
  A gnoll sergeant (D:8)
  3 bullfrogs
  4 scorpions
  A necrophage (D:8)
  2 elf skeletons (D:7)
  2 howler monkeys (D:9)
  5 centaur zombies (Ossuary)
  4 hounds
  3 human zombies (Ossuary)
  A jelly (D:5)
  7 orc priests
  Crazy Yiuf (D:3)
  A gnoll bouda (D:6)
  2 human skeletons (D:7)
  9 orc wizards
  2 iguanas
  3 mummies (Ossuary)
  9 gnolls
  6 adders
  2 shadow imps
  3 ufetubi
  5 adder zombies (Ossuary)
  2 worms
  5 dart slugs
  12 orcs
  9 endoplasms
  3 giant cockroaches
  2 gnoll zombies (Ossuary)
  7 goblins
  8 hobgoblins
  7 jackals (D:1)
  3 quokkas
  7 ball pythons
  8 bats
  4 frilled lizards
  2 goblin zombies (Ossuary)
  2 hobgoblin zombies (Ossuary)
  A jackal zombie (Ossuary)
  9 kobolds
  2 kobold zombies (Ossuary)
  An orc skeleton (D:7)
  2 orc zombies (Ossuary)
  5 rats
  6 rat zombies (Ossuary)
221 creatures vanquished.

Vanquished Creatures (others)
  2 fungi
2 creatures vanquished.

Grand Total: 223 creatures vanquished

Notes
Turn   | Place    | Note
-------+----------+-------------------------------------------
     0 | D:1      | dixiedixie the Demigod Earth Elementalist began the quest
                  | for the Orb.
     0 | D:1      | Reached XP level 1. HP: 14/14 MP: 5/5
   123 | D:1      | Reached skill level 3 in Earth Magic
   268 | D:1      | Reached XP level 2. HP: 20/20 MP: 5/7
   333 | D:1      | Learned a level 2 spell: Passwall
   610 | D:1      | Reached XP level 3. HP: 20/26 MP: 3/8
   613 | D:1      | Reached skill level 4 in Earth Magic
  1659 | D:2      | Reached XP level 4. HP: 33/33 MP: 7/9
  1663 | D:2      | Learned a level 3 spell: Stone Arrow
  2439 | D:3      | Reached skill level 5 in Earth Magic
  2639 | D:3      | Found a runed translucent door.
  2640 | D:3      | Noticed Crazy Yiuf
  2645 | D:3      | Killed Crazy Yiuf
  2646 | D:3      | Reached XP level 5. HP: 24/38 MP: 7/10
  2771 | D:4      | Noticed Pikel
  2895 | D:4      | Noticed Sigmund
  2900 | D:4      | Killed Sigmund
  2901 | D:4      | Reached skill level 6 in Earth Magic
  2901 | D:4      | Reached XP level 6. HP: 42/45 MP: 6/11
  3012 | D:4      | Reached skill level 7 in Earth Magic
  3178 | D:4      | Found a staircase to the Ecumenical Temple.
  3265 | D:4      | Killed Pikel
  3266 | D:4      | Reached skill level 8 in Earth Magic
  3266 | D:4      | Reached XP level 7. HP: 30/50 MP: 9/12
  3410 | D:4      | Noticed Edmund
  3615 | D:4      | Noticed Blork the orc
  3618 | D:4      | Killed Blork the orc
  3748 | D:5      | Entered Level 5 of the Dungeon
  3810 | D:5      | Reached skill level 9 in Earth Magic
  3849 | D:5      | Reached XP level 8. HP: 57/57 MP: 10/13
  3943 | D:5      | Learned a level 4 spell: Petrify
  4134 | D:5      | Reached skill level 10 in Earth Magic
  5048 | D:6      | Reached skill level 11 in Earth Magic
  5704 | D:7      | Found Ysudghomu's Distillery.
  5719 | D:7      | Bought a potion of lignification for 39 gold pieces
  5954 | D:7      | Reached XP level 9. HP: 62/62 MP: 6/14
  6144 | D:7      | Reached skill level 12 in Earth Magic
  6232 | D:7      | Found a sand-covered staircase.
  6237 | Ossuary  | Entered an ossuary
  6941 | D:7      | Reached skill level 13 in Earth Magic
  7784 | D:8      | Paralysed by a hornet for 2 turns
  7788 | D:8      | Reached XP level 10. HP: 35/69 MP: 11/15
  8150 | D:8      | Found a staircase to the Lair.
  8265 | D:8      | Learned a level 2 spell: Blink
  8356 | D:8      | Reached skill level 14 in Earth Magic
  8962 | D:9      | Noticed a two-headed ogre
  9078 | D:9      | Noticed a centaur warrior
 10062 | D:9      | Reached skill level 15 in Earth Magic
 10222 | D:10     | Entered Level 10 of the Dungeon
 10395 | D:9      | Shot with an arrow by a centaur warrior

Illustrated notes

Levels and vault maps discovered:
D:1:      dpeg_arrival_rooms_c, layout_rooms, shapermc_ecumenical_altar_petra
D:2:      layout_basic, basic_altar
D:3:      layout_loops_ring, pdpol_wu_jian_five_deadly_venoms,
          uniq_crazy_yiuf_cottage
D:4:      layout_rooms, fiery_altar_vehumet, lemuel_tele_altar,
          minmay_temple_entry_glassed_door, uniq_sigmund, uniq_pikel,
          uniq_edmund, uniq_blork_the_orc
D:5:      layout_basic, good_gods_temple_1, minitemple, minmay_manual_moon
D:6:      layout_loops_corners, mainiacjoe_overflow_chevrons,
          cheibriados_altar_1, okawaru_trees_1
D:7:      layout_loops_cross, serial_shops, shop,
          nicolae_ossuary_entry_catacombs, grunt_decor_clamped
D:8:      layout_basic, lair_entry_dummy
D:9:      layout_long_grid
D:10:     layout_loops_ring

Skill      XL: |  1  2  3  4  5  6  7  8  9 10 |
---------------+-------------------------------+-----
Earth Magic    | 3 4 5 6 8 9 11 13 15 | 15.0
Dodging        | |  1.7
Stealth        | |  1.7
Spellcasting   | |  1.7
Transmutations | |  0.8

Action                   |  1- 3 |  4- 6 |  7- 9 | 10-12 || total
-------------------------+-------+-------+-------+-------++-------
Melee: Unarmed           |     8 |       |       |       ||     8
       Quarterstaff      |    16 |       |       |       ||    16
       Dagger            |    21 |    29 |   110 |     9 ||   169
       Punch             |       |     1 |       |       ||     1
       Short sword       |       |       |       |     3 ||     3
 Cast: Sandblast         |    61 |    33 |   183 |    68 ||   345
       Petrify           |       |       |       |     9 ||     9
       Blink             |       |       |       |     5 ||     5
  Use: Scroll            |       |       |    21 |       ||    21
       Potion            |       |       |       |     2 ||     2
 Stab: Sleeping          |     2 |     1 |     1 |       ||     4
       Petrified         |       |       |       |     7 ||     7
Armor: Robe              |    23 |     7 |    49 |    10 ||    89
Dodge: Dodged            |    52 |    30 |   166 |    48 ||   296
Block: Other             |       |       |       |     1 ||     1
       Reflection        |       |       |       |     1 ||     1

Table legend: (Time is in decaauts)
 A = Elapsed time spent in this place.
 B = Non-inter-level travel time spent in this place.
 C = Inter-level travel time spent in this place.
 D = Time resting spent in this place.
 E = Time spent auto-exploring this place.
 F = Levels seen in this place.
 G = Mean time per level.
                   A        B        C        D        E       F      G
               +--------+--------+--------+--------+--------+-----+--------+
         Total |  10577 |  10122 |    455 |   2717 |   5221 |  11 |  961.5 |
       Dungeon |   9858 |   9403 |    455 |   2424 |   5145 |  10 |  985.8 |
       Ossuary |    719 |    719 |      0 |    293 |     76 |   1 |  719.0 |
               +--------+--------+--------+--------+--------+-----+--------+

Top non-repeatable levels by time:
     D:8: 2014 daAuts
     D:7: 1410 daAuts
     D:1: 1076 daAuts
     D:6: 1046 daAuts
     D:3: 1045 daAuts
     D:5: 931 daAuts
     D:4: 864 daAuts
     D:2: 812 daAuts
 Ossuary: 719 daAuts
     D:9: 639 daAuts
    D:10: 16 daAuts
